 Dungeon Crawl Stone Soup version 0.17-a0-1078-g243345b (webtiles) character file.

65 Lugonue the Skirmisher (level 4, 0/38 HPs)
             Began as a Formicid Abyssal Knight on May 19, 2015.
             Was a Follower of Lugonu.
             Succumbed to an adder's poison
             ... on level 2 of the Dungeon.
             The game lasted 00:04:57 (1331 turns).

Lugonue the Skirmisher (Formicid Abyssal Knight)    Turns: 1331, Time: 00:04:58

Health: 0/38       AC:  3    Str: 16    XL:     4   Next: 35%
Magic:  5/5        EV: 11    Int: 12    God:    Lugonu [*.....]
Gold:   84         SH:  0    Dex: 11    Spells: 0 memorised, 3 levels left

rFire  . . .     SeeInvis +     a - +1 spear
rCold  . . .     Clarity  .     b - +0 leather armour
rNeg   . . .     SustAb   .     (no shield)
rPois  .         Gourm    .     (helmet unavailable)
rElec  .         Spirit   .     (no cloak)
rCorr  .         Warding  .     (no gloves)
rMut   .         Stasis   +     (no boots)
MR     .....                    (no amulet)
Stlth  +.........               (no ring)
                                (no ring)

@: lethally poisoned (0 -> -10), not resistant to hostile enchantments, very
unstealthy
A: permanent stasis, dig shafts and tunnels, four strong arms, antennae 3
a: Dig, Shaft Self, Depart the Abyss, Renounce Religion


You were on level 2 of the Dungeon.
You worshipped Lugonu.
Lugonu was aware of your devotion.
You were hungry.

You visited 1 branch of the dungeon, and saw 3 of its levels.
You visited the Abyss 1 time.

You collected 84 gold pieces.

Inventory:

Hand weapons
 a - a +1 spear (weapon)
Armour
 b - a +0 leather armour (worn)
Jewellery
 k - an uncursed ring of protection from cold {unknown}
Magical devices
 l - a wand of frost (20)
Scrolls
 d - 4 scrolls of identify {unknown}
 e - a scroll of amnesia {unknown}
 f - a scroll of fear {unknown}
 h - a scroll of remove curse {unknown}
 j - a scroll of teleportation {unknown}
Comestibles
 c - a bread ration
 g - a beef jerky
 m - 2 chunks of flesh
 n - 3 fruits


   Skills:
 + Level 4.3 Fighting
 + Level 2.6 Polearms
 + Level 3.1 Armour
 - Level 0.8 Dodging
 - Level 2.1 Invocations


You had 3 spell levels left.
You didn't know any spells.

Dungeon Overview and Level Annotations

Branches:
Dungeon (3/15)

Altars:
Ru


Innate Abilities, Weirdness & Mutations

You are under a permanent stasis effect.
You can dig through walls and to a lower floor.
Your four strong arms can wield two-handed weapons with a shield.
You have a pair of large antennae on your head (SInv).


Message History

The adder is severely wounded.
* * * LOW HITPOINT WARNING * * *
You feel sick. The adder barely misses you.
You hit the adder but do no damage.
The adder is severely wounded.
* * * LOW HITPOINT WARNING * * *
You feel sick. The adder bites you.
* * * LOW HITPOINT WARNING * * *
The adder barely misses you.
You miss the adder.
The adder is severely wounded.
* * * LOW HITPOINT WARNING * * *
You feel sick. The adder barely misses you.
You closely miss the adder.
The adder is severely wounded.
* * * LOW HITPOINT WARNING * * *
You feel sick. The adder completely misses you.
You closely miss the adder.
The adder is severely wounded.
You die...

.######...(......#.#####.####.#
.# ####..######.# #.# .######
#.## #.# ##.# ......# #.## #.
#..# .####.# #..### #.## .#
#[####>#..## #.# .#
#.##...##..## #.#.# .#
#(.#.#P♣....## #.#.# .#
#{...P≈♣#...@## #.#.# .#
#.##.≈≈≈≈.#S..# #.#.# .#
..###≈♣♣≈..#..# #.#.# .# #.#
##P##.#.#..##.#.# .# #.#
###.####..#.#.# .# #..
#..[........# .# ##
########..### ## #.# #.#


You could see an adder.

Vanquished Creatures
  Natasha (twice) (D:2)
  2 giant cockroaches
  4 goblins
  4 hobgoblins (D:1)
  3 jackals (D:1)
  5 bats
  3 giant newts
  5 kobolds
  4 rats
32 creatures vanquished.

Notes
Turn   | Place    | Note
--------------------------------------------------------------
     0 | Abyss:1  | Lugonue the Formicid Abyssal Knight began the quest for the Orb.
     0 | Abyss:1  | Reached XP level 1. HP: 18/18 MP: 2/2
     0 | D:1      | Escaped the Abyss
   333 | D:1      | Acquired Lugonu's first power
   430 | D:1      | Reached XP level 2. HP: 14/24 MP: 3/3
   899 | D:1      | Reached XP level 3. HP: 24/30 MP: 4/4
   926 | D:1      | Reached skill level 4 in Fighting
   968 | D:2      | Found a sacrificial altar of Ru.
  1193 | D:2      | Noticed Natasha
  1203 | D:2      | Killed Natasha
  1203 | D:2      | Reached XP level 4. HP: 17/38 MP: 5/5
  1207 | D:2      | Noticed Natasha
  1258 | D:2      | Killed Natasha
  1330 | D:2      | HP: 1/38 [poisoned by an adder]
  1331 | D:2      | Succumbed to an adder's poison

Vault maps used:
D:1:      elethiomel_arrival_maze
D:2:      lemuel_crystal_altar, overflow_temple_1_default, elyvilon_altar_3,
          serial_bayou_pond_d, uniq_natasha
D:3:      lightli_temple_of_fire, first_bread, uniq_jessica

Action                   |  1- 3 |  4- 6 || total
-------------------------+-------+-------++-------
Melee: Spear             |   131 |    18 ||   149
Invok: Depart the Abyss  |     1 |       ||     1
 Abil: Dig               |     8 |     2 ||    10
  Use: Potion            |       |     2 ||     2
  Eat: Chunk             |     2 |       ||     2
